 Dungeon Crawl Stone Soup version 0.28-a0-724-g66f9036eb4 (webtiles) character file.

Game seed: 3532419982270521265

2882 pokeman the Thaumaturge (level 9, -8/49 HPs)
             Began as a Deep Elf Hedge Wizard on Oct 26, 2021.
             Was an Initiate of Vehumet.
             Mangled by a hornet (13 damage)
             ... on level 7 of the Dungeon on Oct 27, 2021.
             The game lasted 00:27:01 (9005 turns).

pokeman the Thaumaturge (Deep Elf Hedge Wizard)     Turns: 9005, Time: 00:27:01

Health: -8/49      AC:  6    Str:  7    XL:     9   Next: 48%
Magic:  18/26      EV: 12    Int: 23    God:    Vehumet [......]
Gold:   437        SH:  0    Dex: 14    Spells: 16/31 levels left

rFire   . . .      SeeInvis .   P - +5 spear (vamp)
rCold   . . .      Faith    .   (no shield)
rNeg    . . .      Spirit   .   k - +0 leather armour
rPois   .          Reflect  .   c - +0 hat
rElec   .          Harm     .   H - +1 cloak
rCorr   .          Rampage  .   p - +0 pair of gloves
Will    .....                   (no boots)
Stlth   ++........              (no amulet)
HPRegen 0.16/turn               (no ring)
MPRegen 0.20/turn               (no ring)

@: lethally poisoned (-8 -> -15), very slightly contaminated
A: no striking features
a: Renounce Religion


You were on level 7 of the Dungeon.
You worshipped Vehumet.
Vehumet was noncommittal.
You visited 2 branches of the dungeon, and saw 8 of its levels.
You also visited: Ossuary.

You collected 437 gold pieces.

Inventory:

Hand Weapons
 D - a +0 shortbow
 P - a +5 vampiric spear (weapon)
Missiles
 j - 88 arrows
 C - 40 bolts
Armour
 c - a +0 hat (worn)
 k - a +0 leather armour (worn)
 p - a +0 pair of gloves (worn)
 H - a +1 cloak (worn)
Magical Staves
 F - a staff of fire
Jewellery
 a - a ring of flight
 l - a ring of ice
 J - an amulet of faith
Wands
 q - a wand of acid (7)
 t - a wand of paralysis (6)
 G - a wand of flame (17)
 N - a wand of iceblast (4)
Scrolls
 e - 6 scrolls of identify {unknown}
 f - 7 scrolls of teleportation {unknown}
 g - a scroll of vulnerability {unknown}
 h - 2 scrolls of fear {unknown}
 n - 4 scrolls of enchant armour {unknown}
 s - a scroll of blinking {unknown}
 v - a scroll of summoning {unknown}
 y - a scroll of amnesia {unknown}
 z - a scroll of noise {unknown}
 A - a scroll of enchant weapon {unknown}
 B - a scroll of immolation {unknown}
 L - 3 scrolls of fog {unknown}
 M - a scroll of brand weapon {unknown}
Potions
 b - 4 potions of curing
 d - 3 potions of mutation {unknown}
 i - 3 potions of heal wounds {unknown}
 m - 3 potions of invisibility {unknown}
 o - a potion of haste {unknown}
 r - 3 potions of attraction {unknown}
 u - a potion of might {unknown}
 w - a potion of flight {unknown}
 x - a potion of brilliance {unknown}
 I - 2 potions of lignification {unknown}
 K - 2 potions of degeneration {unknown}
 O - a potion of experience {unknown}


   Skills:
 + Level 2.5 Fighting
 - Level 3.0 Armour
 - Level 3.0 Dodging
 - Level 3.1 Stealth
 * Level 11.7 Spellcasting
 + Level 6.4 Conjurations
 - Level 1.1 Summonings
 - Level 1.1 Translocations
 + Level 5.1 Fire Magic
 - Level 2.0 Air Magic
 - Level 2.1 Poison Magic
 - Level 1.2 Evocations


You had 16 spell levels left.
You knew the following spells:

 Your Spells              Type           Power      Damage    Failure   Level
a - Magic Dart            Conj           100%       1d8       1%          1
b - Mephitic Cloud        Conj/Pois/Air  29%        N/A       4%          3
c - Call Imp              Summ           18%        N/A       7%          2
d - Blink                 Tloc           36%        N/A       7%          2
e - Conjure Flame         Conj/Fire      40%        6-21      1%          3
f - Shock                 Conj/Air       100%       1d9       1%          1
g - Swiftness             Air            22%        N/A       9%          3

Your spell library contained the following spells:

 Spells                   Type           Power      Damage    Failure   Level
 Apportation              Tloc           36%        N/A       4%          1
 Summon Small Mammal      Summ           72%        N/A       4%          1
 Animate Skeleton         Necr           26%        N/A       7%          1
 Slow                     Hex            13%        N/A       11%         2
 Call Canine Familiar     Summ           18%        N/A       13%         3
 Portal Projectile        Hex/Tloc       30%        N/A       17%         3
 Airstrike                Air            11%        N/A       30%         4
 Leda's Liquefaction      Hex/Erth       6%         N/A       56%         4


Dungeon Overview and Level Annotations

Branches:
Dungeon (7/15)             Temple (1/1) D:6         Ossuary (visited)

Altars:
Ashenzari
Cheibriados
Fedhas
Gozag
Trog
Vehumet
Zin
The Shining One

Shops:
D:4 *

Annotations:
D:5 Angel behind rock
D:7 Harold


Message History

Confirm with . or Enter, or press ? or * to list all spells.
Aiming: Mephitic Cloud (dangerous; 4% risk of failure)
Press: ? - help, Shift-Dir - straight line, f/p - Harold
Aim: Harold, wielding a +2 scimitar of protection, wearing a +0 scale mail, quivering 2 throwing nets and carrying a wand of digging (4) (flame, chance to affect: 58%) That beam is likely to hit you.
Continue anyway?
Okay, then.
Casting: Mephitic Cloud (dangerous; 4% risk of failure)
Confirm with . or Enter, or press ? or * to list all spells.
You miscast Call Imp.
Nothing appears to happen.
Harold is engulfed in blazing flames.
Harold hits you with a +2 scimitar of protection!
Unknown command.
Casting: Call Imp (safe; 7% risk of failure)
Confirm with . or Enter, or press ? or * to list all spells.
You miscast Blink.
Nothing appears to happen.
Harold is engulfed in blazing flames.
Harold hits you with a +2 scimitar of protection!
Unknown command.
Casting: Blink (safe; 7% risk of failure)
Confirm with . or Enter, or press ? or * to list all spells.
You blink.
The hornet buzzes angrily.
Harold closely misses you.
The hornet stings you but does no damage.
The hornet misses you. Harold fires a harpoon shot at you.
The harpoon shot hits you.
You are yanked forward by the harpoon shot.
The hornet stings you!
* * * LOW HITPOINT WARNING * * *
You are lethally poisoned!
You feel yourself slow down.
Found a stone staircase leading down.
You feel yourself speed up.
You feel stable enough to blink again.
* * * LOW HITPOINT WARNING * * *
You feel very sick. The hornet closely misses you.
* * * LOW HITPOINT WARNING * * *
You feel sick. The hornet stings you!
You die...

#.#........#
#.#........#
#.#........#
#(#........#
#.#........#
#.#......<.#
#...@......#
#######y........
#>....@....####.#
#.######..## .#
#...... .
#...#### # #?..#
.# ≈ #...#### .#
≈. #.......
.##≈≈_ ### ###
#......##...≈
#####.. ..#
#..###....#


You could see Harold and a hornet.

Vanquished Creatures
  A two-headed ogre (D:6)
  Menkaure (Ossuary)
  A sky beast (D:6)
  A black bear (D:6)
  2 hornet zombies
  2 ice beasts
  2 ogres
  A centaur (D:5)
  A bullfrog (D:7)
  2 gnoll sergeants
  4 scorpions
  A water moccasin zombie (D:6)
  A water moccasin skeleton (D:4)
  3 bullfrog zombies
  A hound (D:5)
  A centaur zombie (D:7)
  A centaur skeleton (D:6)
  2 orc priests
  7 iguanas
  Ijyb (D:4)
  2 orc wizards (D:4)
  4 mummies
  9 gnolls
  8 adders
  A shadow imp (D:6)
  2 white imps (D:6)
  An ufetubus (D:4)
  2 adder skeletons (D:4)
  3 worms
  4 dart slugs (D:3)
  9 orcs
  2 endoplasms
  2 giant cockroaches
  4 hobgoblins
  3 jackals (D:2)
  A quokka (D:4)
  5 ball pythons
  A frilled lizard (D:1)
  3 gnoll skeletons (Ossuary)
  2 gnoll zombies (Ossuary)
  7 goblins
  3 goblin skeletons (Ossuary)
  5 goblin zombies (Ossuary)
  5 hobgoblin skeletons (Ossuary)
  8 hobgoblin zombies (Ossuary)
  5 kobolds
  2 kobold skeletons (Ossuary)
  A kobold zombie (Ossuary)
  7 orc skeletons (Ossuary)
  3 orc zombies (Ossuary)
  3 rats
  5 rat skeletons (Ossuary)
  6 rat zombies (Ossuary)
164 creatures vanquished.

Vanquished Creatures (others)
  5 fungi (D:2)
  7 plants (D:2)
12 creatures vanquished.

Grand Total: 176 creatures vanquished

Notes
Turn   | Place    | Note
-------+----------+-------------------------------------------
     0 | D:1      | pokeman the Deep Elf Hedge Wizard began the quest for the
                  | Orb.
     0 | D:1      | Reached XP level 1. HP: 10/10 MP: 7/7
   425 | D:1      | Reached XP level 2. HP: 16/16 MP: 6/9
  1175 | D:2      | Reached skill level 5 in Spellcasting
  1405 | D:2      | Reached XP level 3. HP: 15/20 MP: 5/11
  1409 | D:2      | Learned a level 3 spell: Mephitic Cloud
  1412 | D:2      | Learned a level 2 spell: Call Imp
  1415 | D:2      | Learned a level 2 spell: Blink
  1419 | D:2      | Learned a level 3 spell: Conjure Flame
  1421 | D:2      | Learned a level 1 spell: Shock
  1639 | D:2      | Found a faded altar of an unknown god.
  1839 | D:3      | Reached skill level 1 in Fighting
  1847 | D:3      | Reached skill level 1 in Armour
  2042 | D:3      | Noticed a scorpion
  2059 | D:3      | Killed a scorpion
  2060 | D:3      | Reached skill level 1 in Fire Magic
  2060 | D:3      | Reached XP level 4. HP: 25/25 MP: 4/13
  2245 | D:3      | Reached skill level 6 in Spellcasting
  2469 | D:3      | Reached XP level 5. HP: 29/29 MP: 12/15
  2682 | D:4      | Noticed Ijyb
  2682 | D:4      | Paralysed by Ijyb for 5 turns
  2704 | D:4      | Killed Ijyb
  2731 | D:4      | Reached skill level 1 in Evocations
  2819 | D:4      | Found a sand-covered staircase.
  2867 | Ossuary  | Entered an ossuary
  3373 | Ossuary  | Reached XP level 6. HP: 34/34 MP: 14/17
  3782 | Ossuary  | Noticed Menkaure
  3853 | Ossuary  | Killed Menkaure
  3854 | Ossuary  | Reached skill level 7 in Spellcasting
  3854 | Ossuary  | Reached skill level 1 in Air Magic
  3854 | Ossuary  | Reached skill level 1 in Poison Magic
  4646 | D:4      | Found Uzueru's Assorted Antiques.
  4659 | D:4      | Reached XP level 7. HP: 38/38 MP: 14/20
  4799 | D:4      | Reached skill level 8 in Spellcasting
  5293 | D:5      | Entered Level 5 of the Dungeon
  5672 | D:5      | Reached XP level 8. HP: 14/44 MP: 12/22
  5849 | D:5      | Reached skill level 9 in Spellcasting
  6658 | D:5      | Found a broken altar of Ashenzari.
  6721 | D:5      | Found a glowing silver altar of Zin.
  6721 | D:5      | Noticed an angel
  6860 | D:6      | Reached skill level 5 in Conjurations
  6937 | D:6      | Found a staircase to the Ecumenical Temple.
  6947 | Temple   | Entered the Ecumenical Temple
  6987 | Temple   | Became a worshipper of Vehumet
  7100 | D:6      | Reached skill level 10 in Spellcasting
  7183 | D:6      | Noticed a two-headed ogre
  7446 | D:6      | Learned a level 3 spell: Swiftness
  7788 | D:6      | Killed a two-headed ogre
  7789 | D:6      | Reached skill level 11 in Spellcasting
  7789 | D:6      | Reached XP level 9. HP: 48/48 MP: 11/26
  8443 | D:7      | Noticed Harold
  8501 | D:7      | Found a blossoming altar of Fedhas.
  8624 | D:7      | Reached skill level 5 in Fire Magic
  9005 | D:7      | Mangled by a hornet

Illustrated notes

Levels and vault maps discovered:
D:1:      lemuel_arrival_cross, layout_basic, chequers_avenue
D:2:      layout_rooms, dreamdust_ecumenical_altar_grove
D:3:      kennysheep_big_flooded_room, layout_basic
D:4:      layout_basic, serial_shops, nicolae_shop_overgrown_old_shop,
          gup_ossuary_entry_pyramid, grunt_ministairs_11,
          chequers_serial_rivers_marsh, minmay_fractal_squares_5, uniq_ijyb
D:5:      layout_loops_ring, zin_angel, mainiacjoe_overflow_alcove_4
D:6:      layout_loops_corners, minmay_temple_entry_mist,
          chequers_serial_rivers_micro_a
D:7:      layout_loops_ring, fedhas_altar_2, uniq_harold
Temple:   dpeg_chambers_temple

Skill      XL: |  1  2  3  4  5  6  7  8  9 |
---------------+----------------------------+-----
Spellcasting   | 5 6 7 8 11 | 11.7
Fighting       | 1 2 |  2.5
Armour         | 1 3 |  3.0
Conjurations   | 2 3 4 6 |  6.4
Dodging        | 3 |  3.0
Fire Magic     | 1 2 4 5 |  5.1
Stealth        | 3 |  3.1
Evocations     | 1 |  1.2
Air Magic      | 1 2 |  2.0
Poison Magic   | 2 |  2.1
Summonings     | |  1.1
Translocations | |  1.1

Action                   |  1- 3 |  4- 6 |  7- 9 || total
-------------------------+-------+-------+-------++-------
Melee: Dagger            |     7 |    83 |     2 ||    92
       Spear             |       |       |    48 ||    48
 Cast: Magic Dart        |    81 |   101 |    14 ||   196
       Shock             |    13 |    73 |   123 ||   209
       Conjure Flame     |     1 |     6 |    30 ||    37
       Mephitic Cloud    |     1 |     2 |    10 ||    13
       Call Imp          |       |     4 |       ||     4
       Blink             |       |       |     2 ||     2
  Use: Potion            |       |       |     2 ||     2
 Stab: Confused          |       |     2 |       ||     2
       Sleeping          |       |     1 |       ||     1
Armor: Robe              |     2 |       |       ||     2
       Leather armour    |     6 |    22 |    18 ||    46
Dodge: Dodged            |    10 |    51 |    33 ||    94

Table legend: (Time is in decaauts)
 A = Elapsed time spent in this place.
 B = Non-inter-level travel time spent in this place.
 C = Inter-level travel time spent in this place.
 D = Time resting spent in this place.
 E = Time spent auto-exploring this place.
 F = Levels seen in this place.
 G = Mean time per level.
                   A        B        C        D        E       F      G
               +--------+--------+--------+--------+--------+-----+--------+
         Total |   9026 |   8661 |    365 |    564 |   6483 |   9 | 1002.9 |
       Dungeon |   7575 |   7230 |    345 |    433 |   5611 |   7 | 1082.1 |
        Temple |     61 |     41 |     20 |      0 |     32 |   1 |   61.0 |
       Ossuary |   1389 |   1389 |      0 |    131 |    840 |   1 | 1389.0 |
               +--------+--------+--------+--------+--------+-----+--------+

Top non-repeatable levels by time:
     D:5: 1641 daAuts
     D:6: 1499 daAuts
 Ossuary: 1389 daAuts
     D:4: 1243 daAuts
     D:3: 984 daAuts
     D:2: 919 daAuts
     D:1: 765 daAuts
     D:7: 521 daAuts
  Temple: 61 daAuts
